 Dungeon Crawl Stone Soup version 0.31.0-11-ge490571c62 (webtiles) character file.

Game seed: 13583026840419650091

38138 Peloso the Peltast (level 13, -3/125 HPs)
             Began as a Minotaur Fighter on Feb 10, 2024.
             Was the Champion of Okawaru.
             Shot with an arrow by Nessos (28 damage)
             ... on level 12 of the Dungeon.
             The game lasted 00:34:32 (15980 turns).

Peloso the Peltast (Minotaur Fighter)              Turns: 15980, Time: 00:34:33

Health: -3/125     AC:  5    Str: 22    XL:     13   Next: 62%
Magic:  13/13      EV:  8    Int:  5    God:    Okawaru [******]
Gold:   450        SH: 23    Dex: 22    Spells: 12/12 levels left

rFire   . . .        b - +2 scimitar
rCold   + + .        d - +1 tower shield
rNeg    . . .        g - +4 plate armour
rPois   .            (helmet restricted)
rElec   +            B - +0 cloak
rCorr   .            c - +2 pair of gloves {Dex+3}
SInv    .            M - +2 pair of boots of Yduolor {Dex+5}
Will    +....        (no amulet) Stlth
                     e - +4 ring of protection
HPRegen 0.40/turn    A - ring "Wiennaqo" {rElec rC++ Will+}
MPRegen 0.13/turn

%: no passive effects
@: corroded, studying 2 skills
A: horns 2, retaliatory headbutt, iridescent scales 1, electricity resistance
a: Renounce Religion, Heroism, Finesse, Duel, Receive Weapon, Receive Armour


You were on level 12 of the Dungeon.
You worshipped Okawaru.
Okawaru was exalted by your worship.
You visited 2 branches of the dungeon, and saw 14 of its levels.
You also visited: Ossuary, Bailey and Gauntlet.

You collected 1458 gold pieces.
You spent 1008 gold pieces at shops.

Inventory:

Hand Weapons
 a - a +1 long sword of venom
 b - a +2 scimitar (weapon)
Armour
 c - a +2 pair of gloves of dexterity (worn)
 d - a +1 tower shield (worn)
 g - a +4 plate armour (worn)
 h - the +0 pair of gloves "Xitixkec" {rF+}
   (You found it in a Gauntlet)

   rF+:       It protects you from fire.
 B - a +0 cloak (worn)
 M - the +2 pair of boots of Yduolor (worn) {Dex+5}
   (You found it on level 10 of the Dungeon)

   Dex+5:     It affects your dexterity (+5).
Jewellery
 e - a +4 ring of protection (left hand)
 q - an amulet of magic regeneration
 s - a ring of protection from fire
 u - a +5 ring of evasion
 v - a ring of flight
 w - the ring "Caopoida" {rElec rC++ Will+}
   (You found it on level 7 of the Dungeon)

   [ring of willpower]

   rC++:      It greatly protects you from cold.
   rElec:     It insulates you from electricity.
   Will+:     It increases your willpower.
 A - the ring "Wiennaqo" (right hand) {rElec rC++ Will+}
   (You found it in an ossuary)

   [ring of willpower]

   rC++:      It greatly protects you from cold.
   rElec:     It insulates you from electricity.
   Will+:     It increases your willpower.
 F - a +6 ring of dexterity
 H - a ring of willpower
Wands
 p - a wand of charming (12)
 C - a wand of digging (4)
Scrolls
 i - 3 scrolls of enchant weapon
 j - 2 scrolls of poison
 k - 5 scrolls of enchant armour
 m - a scroll of fog
 n - 6 scrolls of teleportation
 t - a scroll of blinking
 y - 2 scrolls of fear
 E - 2 scrolls of immolation
 J - a scroll of torment
 K - a scroll of brand weapon
 L - 4 scrolls of identify
Potions
 f - a potion of attraction
 l - 2 potions of might
 o - 3 potions of magic
 r - 2 potions of cancellation
 x - a potion of lignification
 z - 4 potions of enlightenment
 D - a potion of curing
 I - a potion of brilliance
 N - a potion of haste


   Skills:
 + Level 14.8 Fighting
 + Level 15.3 Long Blades
 + Level 11.3 Armour
 + Level 4.1 Dodging
 + Level 1.2 Stealth
 + Level 17.4 Shields
 + Level 1.5 Invocations
 + Level 1.0 Evocations


You had 12 spell levels left.
You didn't know any spells.
Your spell library contained the following spells:

 Spells                   Type           Power      Damage    Failure   Level
 Magic Dart               Conj           0%         1d3       100%        1
 Sting                    Conj/Alch      0%         1d3       100%        1
 Blink                    Tloc           0%         N/A       100%        2
 Mercury Vapours          Alch/Air       0%         N/A       100%        2
 Static Discharge         Conj/Air       0%         3-3/arc   100%        2
 Frozen Ramparts          Ice            0%         1d1       100%        3
 Fugue of the Fallen      Necr           0%         N/A       100%        3
 Inner Flame              Hex/Fire       0%         N/A       100%        3
 Ozocubu's Armour         Ice            0%         N/A       100%        3
 Airstrike                Air            0%         2d(0-16)  100%        4
 Dimensional Bullseye     Hex/Tloc       0%         N/A       100%        4
 Flame Wave               Conj/Fire      0%         2d4       100%        4
 Iskenderun's Mystic Bla  Conj/Tloc      0%         2d3       100%        4
 Leda's Liquefaction      Alch/Erth      0%         N/A       100%        4
 Manifold Assault         Tloc           0%         N/A       100%        4
 Olgreb's Toxic Radiance  Alch           0%         N/A       100%        4
 Petrify                  Alch/Erth      0%         N/A       100%        4
 Sticky Flame             Fire/Alch      0%         2d4       100%        4
 Lee's Rapid Deconstruct  Erth           0%         3d4*      100%        5
 Metabolic Englaciation   Hex/Ice        0%         N/A       100%        5
 Call Imp                 Summ           Unusable   N/A       N/A         2
 Tukima's Dance           Hex            Unusable   N/A       N/A         3
 Animate Armour           Summ/Erth      Unusable   N/A       N/A         4
 Summon Lightning Spire   Summ/Air       Unusable   N/A       N/A         4

Dungeon Overview and Level Annotations

Branches:
Dungeon (12/15)            Temple (0/1) D:7            Lair (2/5) D:9
 Shoals (0/4) Lair:2          Orc (0/2) D:9         Ossuary (visited)
 Bailey (visited)         Gauntlet (visited)
  Snake: Lair:2-3    Spider: Lair:2-3

Altars:
Ashenzari
Cheibriados
Fedhas
Okawaru
Qazlal
Sif Muna
Trog
Uskayaw
Vehumet
Zin
The Shining One

Shops:
D:1 :=   D:10 [

Annotations:
D:2 1 runed translucent door, Crazy Yiuf
D:6 1 runed translucent door, paavali's ghost, novice DsBe
D:9 2 transporters
D:12 Nessos
Lair:2 1 runed translucent door, destino's ghost, journeyman OpFE


Innate Abilities, Weirdness & Mutations

You have a pair of horns on your head.
You reflexively headbutt those who attack you in melee.
You are partially covered in iridescent scales. (AC +2)
You are resistant to electric shocks. (rElec)


Message History

* * * LOW HITPOINT WARNING * * *
You feel like a meek peon again.
Nessos is no longer moving quickly.
Nessos unwields a +1 longbow of flaming.
It stops flaming.
You block Nessos's attack. Nessos kicks you.
* * * LOW HITPOINT WARNING * * *
Nessos zaps a wand.
The bolt of acid misses you.
Unknown command.
You hit Nessos but do no damage.
Nessos is severely wounded.
Nessos zaps a wand.
The bolt of acid hits you but does no damage.
The acid corrodes you!
Nessos zaps a wand.
The bolt of acid misses you.
You hit Nessos.
Nessos is severely wounded.
Nessos mumbles some strange words.
Nessos seems to speed up.
You hit Nessos but do no damage. You headbutt Nessos, but do no damage.
Nessos is severely wounded.
Nessos zaps a wand.
The bolt of acid hits you but does no damage.
The acid corrodes you! You block Nessos's attack.
Nessos kicks you but does no damage.
You hit Nessos but do no damage.
Nessos is severely wounded.
Nessos hits you!
* * * LOW HITPOINT WARNING * * *
Nessos kicks you.
* * * LOW HITPOINT WARNING * * *
You feel much better.
Nessos gestures wildly while chanting.
Nessos blinks!
Nessos wields a +1 longbow of flaming.
It bursts into flame!
Nessos shoots an arrow.
The arrow hits you!
* * * LOW HITPOINT WARNING * * *
The arrow burns you.
You are poisoned.
* * * LOW HITPOINT WARNING * * *
You feel better.
Nessos shoots an arrow.
You block the arrow.
Nessos shoots an arrow.
The arrow hits you!!
You die...

..##.......##....#........#####
..##.............#...######...#
.>##.........c...#......#.....#
..##.............'..#...#.....#
..##............######.....#..#
..##...........)...#..#.#..#..#
..##...............#.....######
..###############ยง....#...#
..##########..#.@#.#..#...#
..##.......#..#.....#######
..##.......#.....#........#
..##.......#.....#........#
..##.......#...######.....#
..##...<...##### #...c..#
..##.......# #......#
..##.......### #......#
..##.........# #......#


You could see Nessos (fast).

Vanquished Creatures
  A minotaur (Gauntlet)
  An ogre mage (D:12)
  2 centaur warriors
  5 death yaks (Gauntlet)
  A boulder beetle (D:11)
  2 two-headed ogres
  2 large abominations (Gauntlet)
  2 arcanists
  An orc knight (Bailey)
  2 oklob plants (Lair:1)
  3 ugly things (D:12)
  A necromancer (Gauntlet)
  2 cyclopes (D:12)
  A manticore (D:12)
  Joseph (D:10)
  7 elephants (Lair:1)
  A merfolk siren (Lair:2)
  A torpor snail (Lair:1)
  2 cane toads
  3 gargoyles (D:12)
  An unseen horror (D:12)
  A rime drake (Lair:1)
  Jeremiah (D:7)
  6 komodo dragons
  Psyche (D:10)
  A hornet (D:9)
  2 trolls
  2 polar bears
  Grinder (D:5)
  3 dream sheep (Lair:1)
  10 slime creatures (D:12)
  A wraith (D:10)
  A water elemental (D:12)
  3 wyverns
  28 yaks
  2 hogs (D:11)
  A human (D:11)
  2 basilisks
  2 steam dragons
  8 vampire mosquitoes
  Menkaure (D:7)
  3 small abominations (Gauntlet)
  7 water moccasins
  An acid dragon (D:12)
  14 orc warriors
  An ogre (D:4)
  2 sky beasts
  5 black bears
  6 wolves (Lair:1)
  3 centaurs
  2 kobold brigands (D:8)
  2 scorpions
  7 bullfrogs
  2 gnoll sergeants
  4 wights
  A water moccasin zombie (D:3)
  18 killer bees
  A howler monkey (D:11)
  3 electric eels
  A crimson imp (D:10)
  A lava snake (Lair:1)
  4 bullfrog zombies (Ossuary)
  6 hounds
  2 bombardier beetles
  8 orc priests
  2 jellies
  4 iguanas
  2 sleepcaps
  8 orc wizards
  2 scorpion zombies (D:3)
  2 killer bee zombies (Ossuary)
  2 crocodile zombies (Ossuary)
  4 hound zombies (Ossuary)
  6 mummies (Ossuary)
  Robin (D:2)
  6 howler monkey zombies (Ossuary)
  9 gnolls
  3 adders
  3 shadow imps (Gauntlet)
  A white imp (D:5)
  2 ufetubi (D:7)
  An adder skeleton (D:3)
  3 ribbon worms
  48 orcs
  7 ball pythons
  11 endoplasms
  2 giant cockroaches (D:1)
  15 goblins
  9 hobgoblins
  3 jackals (D:3)
  5 quokkas
  5 ball python zombies (Ossuary)
  2 bats (D:3)
  4 frilled lizards
  A jackal skeleton (D:3)
  18 kobolds
  7 rats
421 creatures vanquished.

Vanquished Creatures (others)
  An orc (Bailey)
1 creature vanquished.

Grand Total: 422 creatures vanquished

Notes
Turn   | Place    | Note
-------+----------+-------------------------------------------
     0 | D:1      | Peloso the Minotaur Fighter began the quest for the Orb.
     0 | D:1      | Reached XP level 1. HP: 19/19 MP: 0/0
    54 | D:1      | Reached XP level 2. HP: 3/27 MP: 1/1
   333 | D:1      | Found Exzewat's Jewellery Boutique.
   637 | D:1      | Found Guolye's Book Shop.
   656 | D:1      | Reached XP level 3. HP: 33/33 MP: 2/2
   879 | D:2      | Found a runed translucent door.
   880 | D:2      | Noticed Crazy Yiuf
  1216 | D:2      | Noticed Robin
  1242 | D:2      | Killed Robin
  1299 | D:2      | Reached XP level 4. HP: 37/41 MP: 3/3
  1691 | D:3      | Gained mutation: You are resistant to electric shocks.
                  | (rElec) [potion of mutation]
  1691 | D:3      | Gained mutation: You are partially covered in iridescent
                  | scales. (AC +2) [potion of mutation]
  1741 | D:3      | Reached skill level 1 in Dodging
  1741 | D:3      | Reached skill level 4 in Shields
  1803 | D:3      | Found a broken altar of Ashenzari.
  1914 | D:3      | Reached XP level 5. HP: 47/47 MP: 4/4
  2073 | D:3      | Found a blossoming altar of Fedhas.
  2111 | D:3      | Reached skill level 5 in Armour
  2409 | D:4      | Noticed an ogre
  2428 | D:4      | Killed an ogre
  2429 | D:4      | Reached skill level 5 in Fighting
  2429 | D:4      | Reached skill level 5 in Long Blades
  2429 | D:4      | Reached XP level 6. HP: 56/56 MP: 5/5
  2628 | D:4      | Found a bloodstained altar of Trog.
  3059 | D:4      | Noticed a sky beast
  3067 | D:4      | Killed a sky beast
  3068 | D:4      | Reached XP level 7. HP: 61/61 MP: 6/6
  3185 | D:5      | Entered Level 5 of the Dungeon
  3379 | D:5      | Found a stormy altar of Qazlal.
  3424 | D:5      | Found a radiant altar of Vehumet.
  3790 | D:5      | Noticed Grinder
  3793 | D:5      | Reached skill level 5 in Shields
  3809 | D:5      | Killed Grinder
  3810 | D:5      | Reached XP level 8. HP: 34/70 MP: 7/7
  4445 | D:6      | Found a runed translucent door.
  4447 | D:6      | Noticed paavali's ghost (novice DsBe)
  4471 | D:6      | Found an iron altar of Okawaru.
  4483 | D:6      | Became a worshipper of Warmaster Okawaru
  4522 | D:6      | Found a sand-covered staircase.
  4531 | Ossuary  | Entered an ossuary
  4614 | Ossuary  | Reached skill level 6 in Shields
  4695 | Ossuary  | Identified the ring "Wiennaqo" {rElec rC++ Will+}
  5384 | D:6      | Reached XP level 9. HP: 62/78 MP: 8/8
  5505 | D:6      | Reached * piety under Okawaru
  5575 | D:6      | Found a snail-covered altar of Cheibriados.
  5582 | D:6      | Reached skill level 7 in Shields
  5637 | D:6      | Found a shimmering blue altar of Sif Muna.
  6109 | D:7      | Noticed Menkaure
  6115 | D:7      | Killed Menkaure
  6116 | D:7      | Reached skill level 10 in Long Blades
  6330 | D:7      | Found a staircase to the Ecumenical Temple.
  6494 | D:7      | Reached ** piety under Okawaru
  6499 | D:7      | Identified the ring "Caopoida" {rElec rC++ Will+}
  6701 | D:7      | Noticed Jeremiah
  6716 | D:7      | Killed Jeremiah
  6717 | D:7      | Reached skill level 8 in Shields
  6995 | D:8      | Found a flagged portal.
  7015 | Bailey   | Entered a bailey
  7201 | Bailey   | Reached skill level 9 in Shields
  7223 | Bailey   | Reached *** piety under Okawaru
  7455 | Bailey   | Reached XP level 10. HP: 84/86 MP: 9/9
  7550 | Bailey   | Noticed an orc knight
  7557 | Bailey   | Killed an orc knight
  7565 | Bailey   | Reached skill level 10 in Shields
  7614 | Bailey   | Identified a scroll of acquirement
  7638 | D:8      | Found a glowing golden altar of the Shining One.
  8447 | D:9      | Found a staircase to the Orcish Mines.
  8654 | D:9      | Found a transporter.
  8714 | D:9      | Found a glowing silver altar of Zin.
  8898 | D:9      | Reached **** piety under Okawaru
  8989 | D:9      | Found a staircase to the Lair.
  9079 | D:9      | Found a transporter.
  9111 | D:9      | Reached skill level 11 in Shields
  9274 | D:9      | Noticed a two-headed ogre
  9289 | D:9      | Killed a two-headed ogre
  9289 | D:9      | Reached ***** piety under Okawaru
  9406 | D:9      | Reached XP level 11. HP: 99/99 MP: 10/10
  9676 | D:10     | Entered Level 10 of the Dungeon
  9723 | D:10     | Noticed Joseph
  9735 | D:10     | Killed Joseph
  9736 | D:10     | Reached skill level 10 in Fighting
  9786 | D:10     | Noticed a two-headed ogre
  9795 | D:10     | Killed a two-headed ogre
  9796 | D:10     | Reached skill level 12 in Shields
  9798 | D:10     | Identified the +2 pair of boots of Yduolor {Dex+5}
  9866 | D:10     | Noticed an arcanist
  9875 | D:10     | Killed an arcanist
  9996 | D:10     | Found Fysif's Antique Armour Shop.
 10003 | D:10     | Acquired 463 gold pieces
 10010 | D:10     | Bought an ancient plate armour for 1008 gold pieces
 10010 | D:10     | Identified the +1 plate armour of the Beginning {Rampage
                  | Str+5} (You bought it in a shop on level 10 of the Dungeon)
 10257 | D:10     | Noticed Psyche
 10268 | D:10     | Killed Psyche
 10574 | D:10     | Found a hide-covered altar of Uskayaw.
 10634 | D:11     | Found a gate leading to a gauntlet.
 10651 | Gauntlet | Entered a Gauntlet
 10651 | Gauntlet | Found a transporter.
 10651 | Gauntlet | Found a transporter.
 10651 | Gauntlet | Found a transporter.
 10657 | Gauntlet | Noticed a large abomination
 10672 | Gauntlet | Found a transporter.
 10686 | Gauntlet | Noticed an arcanist
 10688 | Gauntlet | Found a transporter.
 10691 | Gauntlet | Found a transporter.
 10695 | Gauntlet | Noticed a death yak
 10696 | Gauntlet | Noticed a death yak
 10696 | Gauntlet | Noticed a necromancer
 10696 | Gauntlet | Noticed a death yak
 10697 | Gauntlet | Noticed a death yak
 10697 | Gauntlet | Noticed a death yak
 10707 | Gauntlet | Found a transporter.
 10725 | Gauntlet | Found a transporter.
 10729 | Gauntlet | Found a runed translucent door.
 10747 | Gauntlet | Found a transporter.
 10750 | Gauntlet | Found a transporter.
 10750 | Gauntlet | Noticed a large abomination
 10758 | Gauntlet | Found a transporter.
 10761 | Gauntlet | Found a transporter.
 10881 | Gauntlet | Killed a large abomination
 11025 | Gauntlet | Killed an arcanist
 11185 | Gauntlet | Killed a death yak
 11185 | Gauntlet | Received a gift from Okawaru
 11186 | Gauntlet | Reached skill level 10 in Armour
 11186 | Gauntlet | Reached skill level 13 in Shields
 11201 | Gauntlet | Killed a death yak
 11209 | Gauntlet | Killed a death yak
 11210 | Gauntlet | Reached skill level 1 in Invocations
 11218 | Gauntlet | Killed a death yak
 11232 | Gauntlet | Killed a death yak
 11232 | Gauntlet | Reached ****** piety under Okawaru
 11233 | Gauntlet | Reached XP level 12. HP: 59/110 MP: 8/11
 11478 | Gauntlet | Identified the +0 pair of gloves "Xitixkec" {rF+}
 11512 | Gauntlet | Noticed a minotaur
 11522 | Gauntlet | Killed a minotaur
 11522 | Gauntlet | Received a gift from Okawaru
 11570 | D:11     | Reached skill level 14 in Shields
 11602 | D:11     | Noticed a boulder beetle
 11629 | D:11     | Killed a boulder beetle
 12032 | D:11     | Noticed a centaur warrior
 12040 | D:11     | Killed a centaur warrior
 12268 | Lair:1   | Entered Level 1 of the Lair of Beasts
 12374 | Lair:1   | Reached skill level 15 in Shields
 12507 | Lair:1   | Received a gift from Okawaru
 12756 | Lair:1   | Reached skill level 16 in Shields
 12904 | Lair:1   | Received a gift from Okawaru
 12905 | Lair:1   | Reached XP level 13. HP: 121/122 MP: 13/13
 13178 | Lair:1   | Found a blossoming altar of Fedhas.
 13577 | Lair:2   | Found a runed translucent door.
 13581 | Lair:2   | Noticed destino's ghost (journeyman OpFE)
 13781 | Lair:2   | Found a staircase to the Shoals.
 14230 | D:12     | Received a gift from Okawaru
 14305 | D:12     | Reached skill level 17 in Shields
 14365 | D:12     | Noticed Nessos
 14371 | D:12     | Reached skill level 15 in Long Blades
 14862 | D:12     | Reached skill level 1 in Evocations
 15291 | D:12     | Reached skill level 1 in Stealth
 15585 | D:12     | Received a gift from Okawaru
 15978 | D:12     | HP: 6/125 [Nessos (11)]
 15978 | D:12     | HP: 2/125 [Nessos (4)]
 15980 | D:12     | Shot with an arrow by Nessos

Illustrated notes

Levels and vault maps discovered:
D:1:      scummos_arrival_simple_crosswalls, layout_basic, serial_shops, shop,
          shop_fountains
D:2:      layout_loops_ring, uniq_crazy_yiuf_cottage, uniq_robin
D:3:      layout_loops_ring, cheibrodos_ashenzari_chains, fedhas_altar_2,
          serial_undead, serial_undead_f, serial_undead_f, serial_undead_b,
          serial_undead_d, dreamdust_mushroom_princess
D:4:      layout_loops_cross, mainiacjoe_overflow_24_doors, minmay_manual_moon
D:5:      layout_basic, mainiacjoe_overflow_alcove_4, lemuel_crystal_altar,
          uniq_grinder
D:6:      layout_rooms, lemuel_coloured_pillars_altar, slow_altar_1,
          okawaru_metal_pillars_1_2, ebering_ghost_sewer_d, enter_ossuary_1
D:7:      layout_loops_ring, minmay_temple_entry_glassed_door, uniq_menkaure,
          uniq_jeremiah
D:8:      layout_rooms, nicolae_overflow_crystal_walls, enter_bailey_3,
          nicolae_hexahallways
D:9:      gammafunk_cloud_chamber, layout_loops_corners, zin_treasury,
          david_lair_shrubbed
D:10:     layout_basic, general_overflow_altar, serial_shops,
          nicolae_shop_behind_doors, lightli_wizard_tower, uniq_joseph,
          uniq_psyche
D:11:     layout_cave_pools, gauntlet_entry_generic, grunt_livestock,
          hangedman_corner_corridor
D:12:     layout_stronghold, minivault_20, chequers_big_river,
          hangedman_decor_push, uniq_nessos
Lair:1:   layout_gridlike, hangedman_tree_tricks, grunt_megastairs_2
Lair:2:   layout_loops_ring, mainiacjoe_shoals_entry_four_pools,
          gammafunk_ghost_grave

Skill      XL: |  1  2  3  4  5  6  7  8  9 10 11 12 13 |
---------------+----------------------------------------+-----
Fighting       | 4 5 6 7 9 11 13 14 | 14.8
Armour         | 4 5 6 7 8 9 10 11 | 11.3
Long Blades    | 3 5 6 7 9 10 12 13 14 15 | 15.3
Dodging        | 1 2 3 4 |  4.1
Shields        | 4 5 6 9 11 13 16 17 | 17.4
Invocations    | 1 |  1.5
Evocations     | 1 |  1.0
Stealth        | 1 |  1.2

Action                     |  1- 3 |  4- 6 |  7- 9 | 10-12 | 13-15 || total
---------------------------+-------+-------+-------+-------+-------++-------
  Melee: Long sword        |   110 |    95 |   322 |       |       ||   527
         Headbutt          |     8 |    15 |    84 |   195 |    97 ||   399
         Scimitar          |       |       |   139 |   756 |   298 ||  1193
 Invoke: Heroism           |       |       |       |     8 |     3 ||    11
  Evoke: Wand              |       |       |     1 |     6 |     5 ||    12
    Use: Potion            |     3 |     2 |     5 |     4 |     5 ||    19
         Scroll            |       |     7 |    10 |     4 |     3 ||    24
 Armour: Scale mail        |    94 |    52 |    16 |       |       ||   162
         Skin              |       |     3 |       |       |       ||     3
         Chain mail        |       |       |   154 |       |       ||   154
         Plate armour      |       |       |   122 |   385 |   204 ||   711
  Dodge: Dodged            |    66 |    52 |   115 |    89 |    31 ||   353
  Block: Buckler           |    32 |    24 |    23 |       |       ||    79
         Tower shield      |       |       |   363 |   875 |   328 ||  1566
